 Dungeon Crawl Stone Soup version 0.29-a0-234-g0dae59b3db (webtiles) character file.

Game seed: 14205269636744653825

51 PaleWalker the Bolt Thrower (level 4, 0/26 HPs)
             Began as a Kobold Hunter on Mar 4, 2022.
             Killed from afar by Natasha (4 damage)
             ... with a magic dart
             ... on level 2 of the Dungeon.
             The game lasted 00:03:30 (1173 turns).

PaleWalker the Bolt Thrower (Kobold Hunter)         Turns: 1173, Time: 00:03:30

Health: 0/26       AC:  5    Str:  9    XL:     4   Next: 5%
Magic:  4/4        EV: 14    Int: 12    God:
Gold:   23         SH:  0    Dex: 17    Spells: 1/3 levels left

rFire   + . .      SeeInvis .   a - +1 hand crossbow
rCold   . . .      Faith    .   (no shield)
rNeg    . . .      Spirit   .   b - +0 leather armour
rPois   .          Reflect  .   (no helmet)
rElec   .          Harm     .   d - +1 cloak
rCorr   .          Rampage  .   (no gloves)
Will    .....                   (no boots)
Stlth   +++.......              (no amulet)
HPRegen 0.08/turn               f - ring of protection from fire
MPRegen 0.09/turn               (no ring)

@: no status effects
A: small, no large weapons, nightstalker 3
a: no special abilities


You were on level 2 of the Dungeon.
You visited 1 branch of the dungeon, and saw 2 of its levels.

You collected 23 gold pieces.

Inventory:

Hand Weapons
 a - a +1 hand crossbow (weapon)
Armour
 b - a +0 leather armour (worn)
 d - a +1 cloak (worn)
Jewellery
 f - a ring of protection from fire (left hand)
Scrolls
 e - a scroll of enchant armour {unknown}
 g - a scroll of magic mapping {unknown}
Potions
 c - 2 potions of heal wounds {unknown}
 h - a potion of attraction {unknown}


   Skills:
 - Level 2.1 Fighting
 * Level 6.6 Crossbows
 - Level 2.4 Dodging
 + Level 3.0 Stealth


You had one spell level left.
You knew the following spells:

 Your Spells              Type           Power      Damage    Failure   Level
a - Poisonous Vapours     Pois/Air       0%         N/A       56%         2

Your spell library contained the following spells:

 Spells                   Type           Power      Damage    Failure   Level
 Corpse Rot               Necr/Air       0%         N/A       56%         2


Dungeon Overview and Level Annotations

Branches:
Dungeon (2/15)

Altars:

Annotations:
D:2 Natasha


Innate Abilities, Weirdness & Mutations

You are small and have problems with some larger weapons.
You are completely attuned to the shadows.


Message History

The magic dart hits you.
You shoot a bolt. The bolt barely misses Natasha.
Natasha barely misses you.
You shoot a bolt. The bolt barely misses Natasha.
Natasha claws you.
You are too injured to fight recklessly!
Shoot: a) +1 hand crossbow
Press: ? - help, Q - select action Shift-Dir - straight line, f/p - Natasha
Aim: Natasha (heavily wounded, 60% to hit)
You shoot a bolt. The bolt closely misses Natasha.
Natasha barely misses you. Natasha claws you but does no damage.
Shoot: a) +1 hand crossbow
Press: ? - help, Q - select action Shift-Dir - straight line, f/p - Natasha
Aim: Natasha (heavily wounded, 60% to hit)
You shoot a bolt. The bolt hits Natasha.
Natasha is severely wounded.
Natasha closely misses you.
Shoot: a) +1 hand crossbow
Press: ? - help, Q - select action Shift-Dir - straight line, f/p - Natasha
Aim: Natasha (severely wounded, 60% to hit)
You shoot a bolt. The bolt hits Natasha.
Natasha is almost dead.
Natasha casts a spell at you. The magic dart hits you!
* * * LOW HITPOINT WARNING * * *
Shoot: a) +1 hand crossbow
Press: ? - help, Q - select action Shift-Dir - straight line, f/p - Natasha
Aim: Natasha (almost dead, 60% to hit)
You shoot a bolt. The bolt hits Natasha.
You kill Natasha!
Moaning pathetically, Natasha's spirit plunges into the ground.
Your Stealth skill increases to level 3!
You have reached level 4!
Found a stone staircase leading down.
You now have 23 gold pieces (gained 6).
h - a metallic grey potion Natasha, Servant of Life and Death comes into view.
You see here a scroll labelled AFEETU HYODGHI.
A hobgoblin comes into view.
Natasha stares at you and mumbles some strange words.
The magic dart hits you.
You die...

#.##....?..#..
#.....h†.h..#
#.....####..####
#...#...........
##...######h.##
#.#...##.......
#........##..#.
............#...
.......@......g.
.#............
.............
#...........
#.....<....
...........
.........
.##......
..###..


You could see Natasha.

Vanquished Creatures
  Natasha (D:2)
  A dart slug (D:1)
  2 bats (D:1)
  3 endoplasms (D:1)
  2 goblins (D:1)
  3 hobgoblins (D:1)
  2 jackals (D:1)
  2 quokkas (D:1)
  2 ball pythons
  A kobold (D:1)
  4 rats (D:1)
23 creatures vanquished.

Vanquished Creatures (others)
  2 plants (D:2)
2 creatures vanquished.

Grand Total: 25 creatures vanquished

Notes
Turn   | Place    | Note
-------+----------+-------------------------------------------
     0 | D:1      | PaleWalker the Kobold Hunter began the quest for the Orb.
     0 | D:1      | Reached XP level 1. HP: 12/12 MP: 1/1
   173 | D:1      | Reached XP level 2. HP: 17/17 MP: 2/2
   553 | D:1      | Reached skill level 6 in Crossbows
   592 | D:1      | Reached XP level 3. HP: 21/21 MP: 3/3
   604 | D:1      | Found a faded altar of an unknown god.
  1133 | D:2      | Learned a level 2 spell: Poisonous Vapours
  1140 | D:2      | Noticed Natasha
  1156 | D:2      | Killed Natasha
  1157 | D:2      | Reached XP level 4. HP: 3/26 MP: 4/4
  1165 | D:2      | Noticed Natasha
  1173 | D:2      | Killed from afar by Natasha

Illustrated notes

Levels and vault maps discovered:
D:1:      giann_horns, layout_basic, shapermc_ecumenical_altar_hornbeckon,
          minmay_tromino_v4_c
D:2:      layout_rooms, serial_shops, nicolae_shop_overgrown_old_shop,
          uniq_terence, uniq_natasha, uniq_jessica

Skill      XL: |  1  2  3 |
---------------+----------+-----
Stealth        | 2 3 |  3.0
Crossbows      | 6 |  6.6
Fighting       | |  2.1
Dodging        | |  2.4

Action                   |  1- 3 |  4- 6 || total
-------------------------+-------+-------++-------
 Fire: Hand crossbow     |    63 |       ||    63
Armor: Leather armour    |     7 |       ||     7
Dodge: Dodged            |    19 |       ||    19

Table legend: (Time is in decaauts)
 A = Elapsed time spent in this place.
 B = Non-inter-level travel time spent in this place.
 C = Inter-level travel time spent in this place.
 D = Time resting spent in this place.
 E = Time spent auto-exploring this place.
 F = Levels seen in this place.
 G = Mean time per level.
                   A        B        C        D        E       F      G
               +--------+--------+--------+--------+--------+-----+--------+
         Total |   1190 |   1179 |     11 |      0 |   1011 |   2 |  595.0 |
       Dungeon |   1190 |   1179 |     11 |      0 |   1011 |   2 |  595.0 |
               +--------+--------+--------+--------+--------+-----+--------+

Top non-repeatable levels by time:
     D:1: 1137 daAuts
     D:2: 52 daAuts
